 Dungeon Crawl Stone Soup version 0.30-a0-629-gd54f4be4f7 (webtiles) character file.

Game seed: 16179801607985684231

3149 flotson the Anamnesiscian (level 9, -5/62 HPs)
             Began as a Demonspawn Delver on Jan 12, 2023.
             Was an Elder of Hepliaklqana.
             Killed from afar by an electric eel (6 damage)
             ... with a bolt of electricity
             ... on level 9 of the Dungeon.
             The game lasted 00:17:16 (8605 turns).

flotson the Anamnesiscian (Demonspawn Delver)       Turns: 8605, Time: 00:17:16

Health: -5/62      AC: 17    Str: 17    XL:     9   Next: 62%
Magic:  13/13      EV: 11    Int: 14    God:    Hepliaklqana [****..]
Gold:   25         SH:  9    Dex: 15    Spells: 8/8 levels left

rFire   . . .      SeeInvis +    N - +7 mace of the Curious Xalams {venom, Drain rCorr Stlth+}
rCold   . . .      Faith    +    a - +0 kite shield
rNeg    + . .      Spirit   .    j - +0 ring mail
rPois   +          Reflect  .    I - +1 helmet {SInv}
rElec   .          Harm     .    k - +2 cloak {rCorr}
rCorr   +          Rampage  .    q - +1 pair of gloves
Will    .....                    A - +1 pair of boots "Otzal" {*Corrode rN+ Int+3 Slay+2}
Stlth   +++                      o - amulet of faith
HPRegen 0.30/turn                v - ring of poison resistance
MPRegen 0.13/turn                (no ring)

@: mighty
A: reduced essence, thin metallic scales 1, powered by pain 3
a: Renounce Religion, Recall Ancestor, Ancestor Identity, Transference, Idealise


You were on level 9 of the Dungeon.
You worshipped Hepliaklqana.
Hepliaklqana was greatly pleased with you.
You visited 1 branch of the dungeon, and saw 9 of its levels.

You collected 611 gold pieces.
You spent 586 gold pieces at shops.

Inventory:

Hand Weapons
 N - the +7 mace of the Curious Xalams (weapon) {venom, Drain rCorr Stlth+}
   (You bought it in a shop on level 1 of the Dungeon)

   rCorr:     It protects you from acid and corrosion.
   Drain:     It drains your maximum health when unequipped.
   Stlth:     It makes you more stealthy.
Missiles
 p - 19 poisoned darts (quivered)
 E - a throwing net
 M - 7 boomerangs
Armour
 a - a +0 kite shield (worn)
 j - a +0 ring mail (worn)
 k - a +2 cloak of preservation (worn)
 q - a +1 pair of gloves (worn)
 t - a +2 pair of boots of flying
 A - the +1 pair of boots "Otzal" (worn) {*Corrode rN+ Int+3 Slay+2}
   (You bought it in a shop on level 1 of the Dungeon)

   Int:       It affects your intelligence (+3).
   Slay:      It affects your accuracy & damage with ranged weapons and melee
   (+2).
   rN:        It protects you from negative energy.
   *Corrode:  It may corrode you when you take damage.
 I - a +1 helmet of see invisible (worn)
Jewellery
 o - an amulet of faith (around neck)
 v - a ring of poison resistance (left hand)
Wands
 f - a wand of roots (12)
 g - a wand of digging (3)
 G - a wand of charming (7)
 L - a wand of polymorph (6)
Scrolls
 c - 5 scrolls of fog
 d - 3 scrolls of magic mapping
 h - 8 scrolls of identify {unknown}
 i - 3 scrolls of teleportation {unknown}
 m - 3 scrolls of amnesia {unknown}
 u - a scroll of silence {unknown}
 w - 2 scrolls of enchant weapon {unknown}
 y - 4 scrolls of enchant armour {unknown}
 z - 3 scrolls of blinking {unknown}
 C - 2 scrolls of poison {unknown}
 D - 2 scrolls of noise {unknown}
Potions
 b - 5 potions of attraction {unknown}
 e - 2 potions of lignification {unknown}
 l - 2 potions of ambrosia {unknown}
 n - 6 potions of curing
 r - 3 potions of heal wounds {unknown}
 s - 2 potions of mutation {unknown}
 B - 3 potions of might {unknown}
 F - 2 potions of brilliance {unknown}
 H - a potion of flight {unknown}
 J - a potion of cancellation {unknown}
 K - 3 potions of berserk rage {unknown}


   Skills:
 + Level 6.0 Fighting
 + Level 3.0 Axes
 + Level 4.0 Throwing
 + Level 4.4 Armour
 + Level 4.8 Dodging
 - Level 5.0 Stealth
 + Level 4.0 Shields
 + Level 6.2 Invocations
 + Level 4.8 Evocations


You had 8 spell levels left.
You didn't know any spells.
Your spell library contained the following spells:

 Spells                   Type           Power      Damage    Failure   Level
 Freeze                   Ice            0%         1d3       83%         1
 Call Canine Familiar     Summ           0%         N/A       99%         3
 Frozen Ramparts          Ice            0%         1d1       99%         3
 Hailstorm                Conj/Ice       0%         3d3       99%         3
 Portal Projectile        Hex/Tloc       0%         N/A       99%         3
 Leda's Liquefaction      Hex/Erth       0%         N/A       100%        4


Dungeon Overview and Level Annotations

Branches:
Dungeon (9/15)             Temple (0/1) D:6
   Lair: D:8-11         Orc: D:9-12

Altars:
Cheibriados
Dithmenos
Fedhas
Gozag
Hepliaklqana
Kikubaaqudgha
Nemelex Xobeh
Qazlal
Sif Muna
Trog
Wu Jian
Yredelemnul

Shops:
D:1 !:[([


Innate Abilities, Weirdness & Mutations

Your life essence is reduced to manifest your ancestor. (-10% HP)
You are partially covered in thin metallic scales. (AC +2)
You are powered by pain.


Message History

The electric eel shoots out a bolt of lightning at you!
The bolt of electricity misses you.
The electric eel shoots out a bolt of lightning at you!
The bolt of electricity hits you!
The electric eel shoots out a bolt of lightning at you!
The bolt of electricity hits you!
A bolt of electricity appears from out of your range of vision.
The bolt of electricity hits Ishtar-belessa!
You are too injured to fight recklessly!
You are too injured to fight recklessly!
You are too injured to fight recklessly!
You are too injured to fight recklessly!
You are too injured to fight recklessly!
You are too injured to fight recklessly!
You are too injured to fight recklessly!
You are too injured to fight recklessly!
You are too injured to fight recklessly!
Ishtar-belessa misses the electric eel.
The electric eel shoots out a bolt of lightning at you!
The bolt of electricity hits you.
The electric eel shoots out a bolt of lightning at you!
The bolt of electricity misses you.
The electric eel shoots out a bolt of lightning at you!
The bolt of electricity hits you!
* * * LOW HITPOINT WARNING * * *
You focus on the pain.
You feel very mighty all of a sudden.
Ishtar-belessa hits the electric eel with a +0 quarterstaff!!
The electric eel dies!
You hear a splash.
The electric eel shoots out a bolt of lightning at you!
The bolt of electricity hits you.
* * * LOW HITPOINT WARNING * * *
A bolt of electricity appears from out of your range of vision.
The bolt of electricity hits Ishtar-belessa.
Ishtar-belessa gestures at the electric eel while chanting.
The puff of frost hits the electric eel!
The electric eel shoots out a bolt of lightning at you!
The bolt of electricity hits you.
You die...

...... ...... ...... ###
### #######.... ... ..#
#........ #[#
#.###.####.######. #.#
#.#......<........
#.###.#.#.####..?#### #
##.#.#.#.#.####.@##~~#.#
#...).)........>$.~S~~.#
##.#.#.#.#.######~~†~~~#
#)#.#.#.#.# #~~~R~~~....
##.#.#.#.#.# #~~~~~~~~$...
#......#.#.#
#~~~~~~~~~###. ##.#.....#
..~~~~~~~~~..
##.############~~~~~~S~###
#)......... ..~~~~~~~.


You could see the friendly Ishtar-belessa the battlemage and 2 electric eels.

Vanquished Creatures
  Grinder (D:3)
  Sigmund (D:2)
  A steam dragon (D:6)
  An orc warrior (D:6)
  2 sky beasts (D:7)
  A black bear (D:6)
  2 necrophages
  A scorpion (D:6)
  A wight (D:5)
  4 killer bees
  2 electric eels (D:7)
  Crazy Yiuf (D:2)
  2 hounds
  An orc priest (D:6)
  3 iguanas
  3 orc wizards
  3 gnolls (D:6)
  7 adders
  3 ufetubi
  A worm (D:4)
  A dart slug (D:3)
  10 orcs
  5 ball pythons
  7 endoplasms
  4 giant cockroaches
  5 goblins
  7 hobgoblins
  2 jackals (D:2)
  4 quokkas
  3 bats (D:2)
  5 frilled lizards
  3 kobolds (D:1)
  6 rats
103 creatures vanquished.

Vanquished Creatures (collateral kills)
  Edmund (D:6)
  2 water moccasins
  2 ice beasts (D:6)
  A phantom (D:5)
  A kobold brigand (D:6)
  A necrophage (D:5)
  2 killer bees (D:4)
  2 electric eels
  2 howler monkeys
  A jelly (D:6)
  2 orc priests
  2 hounds
  A gnoll bouda (D:8)
  Terence (D:3)
  3 orc wizards
  6 gnolls
  2 adders
  A white imp (D:6)
  11 orcs
  A giant cockroach (D:4)
  2 goblins (D:2)
  A jackal (D:2)
  A ball python (D:4)
  A bat (D:2)
  A frilled lizard (D:1)
  3 kobolds
  2 rats
56 creatures vanquished.

Vanquished Creatures (others)
  An ancestor (D:2)
  4 battlemagi
5 creatures vanquished.

Grand Total: 164 creatures vanquished

Notes
Turn   | Place    | Note
-------+----------+-------------------------------------------
     0 | D:5      | flotson the Demonspawn Delver began the quest for the Orb.
     0 | D:5      | Reached XP level 1. HP: 18/18 MP: 1/1
    16 | D:5      | Noticed a hound
    21 | D:5      | Found a hazy altar of Hepliaklqana.
    31 | D:5      | Killed a hound
    32 | D:5      | Gained mutation: You sometimes gain a little power by
                  | taking damage. [demonic ancestry]
    32 | D:5      | Reached XP level 2. HP: 20/24 MP: 2/2
    32 | D:5      | Gained mutation: You sometimes gain power by taking damage.
                  | [demonic ancestry]
    32 | D:5      | Reached XP level 3. HP: 25/29 MP: 3/3
    35 | D:5      | Became a worshipper of Hepliaklqana the Forgotten
    63 | D:5      | Found a blossoming altar of Fedhas.
    66 | D:5      | Found a stormy altar of Qazlal.
   144 | D:5      | Reached skill level 1 in Evocations
   206 | D:5      | Reached skill level 1 in Armour
   228 | D:4      | Found a bloodstained altar of Trog.
   371 | D:1      | Reached skill level 1 in Invocations
   377 | D:1      | Gained mutation: You are powered by pain. [demonic
                  | ancestry]
   377 | D:1      | Reached XP level 4. HP: 22/35 MP: 4/4
   569 | D:1      | Found Wuizovaps's Distillery.
   588 | D:1      | Bought a potion of degeneration for 12 gold pieces
   604 | D:1      | Reached * piety under Hepliaklqana
   657 | D:1      | Found Ymianily's Armour Shop.
   730 | D:1      | Found a transporter.
   984 | D:1      | Found Muig's Book Emporium.
  1136 | D:1      | Found Fanedub's Antique Weapon Shoppe.
  1278 | D:1      | Found Seysch's Antique Armour Boutique.
  1593 | D:2      | Found a runed translucent door.
  1594 | D:2      | Noticed Crazy Yiuf
  2010 | D:2      | Killed Crazy Yiuf
  2011 | D:2      | Reached XP level 5. HP: 25/36 MP: 6/6
  2272 | D:3      | Reached ** piety under Hepliaklqana
  2273 | D:3      | Remembered your ancestor Ishtar-belessa as a battlemage
  2462 | D:3      | Found a shadowy altar of Dithmenos.
  2465 | D:3      | Found an ancient bone altar of Kikubaaqudgha.
  2520 | D:3      | Noticed Grinder
  2631 | D:3      | Noticed Terence
  2634 | D:3      | Killed Terence
  2853 | D:3      | Killed Grinder
  2854 | D:3      | Reached skill level 1 in Throwing
  2854 | D:3      | Reached skill level 5 in Stealth
  2854 | D:3      | Reached skill level 1 in Shields
  2854 | D:3      | Reached XP level 6. HP: 11/43 MP: 6/8
  3167 | D:2      | Noticed Sigmund
  3172 | D:2      | Killed Sigmund
  3173 | D:2      | Reached XP level 7. HP: 40/48 MP: 9/9
  3230 | D:2      | Found a faded altar of an unknown god.
  3335 | D:3      | Found a basalt altar of Yredelemnul.
  3487 | D:1      | Bought a pair of smoking boots for 218 gold pieces
  3487 | D:1      | Identified the +1 pair of boots "Otzal" {*Corrode rN+ Int+3
                  | Slay+2} (You bought it in a shop on level 1 of the Dungeon)
  4146 | D:4      | Found a snail-covered altar of Cheibriados.
  4244 | D:5      | Reached XP level 8. HP: 54/54 MP: 11/11
  4533 | D:5      | Reached *** piety under Hepliaklqana
  4971 | D:6      | Found an opulent altar of Gozag.
  4999 | D:6      | Reached skill level 5 in Fighting
  5008 | D:6      | HP: 1/55 [water moccasin (2)]
  5010 | D:6      | Reached skill level 5 in Invocations
  5012 | D:6      | Identified the +9 rapier of Uroalid {flame, rF+ rC+ Int-5
                  | SInv}
  5511 | D:6      | Gained mutation: You are partially covered in thin metallic
                  | scales. (AC +2) [demonic ancestry]
  5511 | D:6      | Reached XP level 9. HP: 57/61 MP: 13/13
  5512 | D:6      | Noticed Edmund
  5518 | D:6      | Killed Edmund
  5670 | D:6      | Found a staircase to the Ecumenical Temple.
  5923 | D:1      | Bought a polished mace for 184 gold pieces
  5923 | D:1      | Identified the +7 mace of the Curious Xalams {venom, Drain
                  | rCorr Stlth+} (You bought it in a shop on level 1 of the
                  | Dungeon)
  6084 | D:6      | Found a sparkling altar of Nemelex Xobeh.
  6332 | D:7      | Reached **** piety under Hepliaklqana
  7919 | D:1      | Bought a glowing helmet for 172 gold pieces
  8257 | D:8      | Found an ornate altar of the Wu Jian Council.
  8346 | D:8      | Found a shimmering blue altar of Sif Muna.
  8604 | D:9      | HP: 1/62 [electric eel/bolt of electricity (6)]
  8605 | D:9      | Killed from afar by an electric eel

Illustrated notes

Levels and vault maps discovered:
D:1:      spicycebolla_arrival_risky_transporter, layout_loops_ring,
          serial_shops, nicolae_shop_advertising_works
          [nicolae_subvault_shop_adworks], nicolae_shop_crystal, shop,
          nicolae_shop_crystal, nicolae_shop_trees, chequers_arboretum,
          minmay_tromino_mix6
D:2:      layout_basic, shapermc_ecumenical_altar_acropolis, bh_walls_and_bars,
          uniq_crazy_yiuf_cottage, uniq_sigmund
D:3:      layout_loops_corners, lemuel_coloured_pillars_altar,
          grunt_temple_overflow_open, uniq_grinder, uniq_terence
D:4:      layout_basic, chei_slow_surprise, mainiacjoe_overflow_tiny_flanked,
          kennysheep_generic_room_5
D:5:      nicolae_BIG_FREAKIN_CUBE, layout_loops_ring,
          grunt_temple_overflow_forces_of_nature, marbit_many_paths,
          lemuel_crystal_altar
D:6:      layout_loops_cross, lemuel_tele_altar, mainiacjoe_overflow_chevrons,
          lemuel_doored_altar, minmay_temple_entry_statues_fountains,
          minmay_alternating_orb, uniq_edmund
D:7:      wad_lake_hut, layout_loops_ring, serial_rivers,
          chequers_serial_rivers_small_3, chequers_serial_rivers_small_b,
          chequers_serial_rivers_marsh, chequers_serial_rivers_room_b,
          chequers_serial_rivers_micro_b, chequers_serial_rivers_large_a
D:8:      layout_cave_pods, mainiacjoe_overflow_surrounded_room,
          nzn_wu_jian_contemplation
D:9:      layout_basic, okawaru_altar_gauntlet_db, uniq_maurice

Skill      XL: |  1  2  3  4  5  6  7  8  9 |
---------------+----------------------------+-----
Axes           | 2 3 |  3.0
Dodging        | 2 3 4 |  4.8
Evocations     | 1 2 3 4 |  4.8
Armour         | 1 2 3 4 |  4.4
Invocations    | 1 2 3 4 5 6 |  6.2
Fighting       | 4 5 6 |  6.0
Throwing       | 1 2 3 4 |  4.0
Stealth        | 5 |  5.0
Shields        | 1 2 3 4 |  4.0

Action                   |  1- 3 |  4- 6 |  7- 9 || total
-------------------------+-------+-------+-------++-------
Melee: Hand axe          |    60 |    59 |       ||   119
       Battleaxe         |       |    19 |       ||    19
       Mace              |       |    56 |    96 ||   152
       Rapier            |       |       |    31 ||    31
Throw: Dart              |       |     8 |    11 ||    19
Invok: Ancestor Life: Ba |       |     1 |       ||     1
       Recall Ancestor   |       |       |     1 ||     1
Evoke: Wand              |       |     2 |       ||     2
  Use: Potion            |     1 |     1 |     1 ||     3
       Scroll            |       |       |     1 ||     1
 Stab: Sleeping          |       |    10 |     2 ||    12
       Distracted        |       |       |     3 ||     3
Armor: Leather armour    |    15 |       |       ||    15
       Ring mail         |       |    52 |    64 ||   116
Dodge: Dodged            |    55 |    59 |    69 ||   183
Block: Kite shield       |       |    27 |    73 ||   100

Table legend: (Time is in decaauts)
 A = Elapsed time spent in this place.
 B = Non-inter-level travel time spent in this place.
 C = Inter-level travel time spent in this place.
 D = Time resting spent in this place.
 E = Time spent auto-exploring this place.
 F = Levels seen in this place.
 G = Mean time per level.
                   A        B        C        D        E       F      G
               +--------+--------+--------+--------+--------+-----+--------+
         Total |   8877 |   7782 |   1095 |    126 |   6242 |   9 |  986.3 |
       Dungeon |   8877 |   7782 |   1095 |    126 |   6242 |   9 |  986.3 |
               +--------+--------+--------+--------+--------+-----+--------+

Top non-repeatable levels by time:
     D:1: 1381 daAuts
     D:7: 1329 daAuts
     D:3: 1249 daAuts
     D:5: 1143 daAuts
     D:2: 1045 daAuts
     D:6: 977 daAuts
     D:8: 851 daAuts
     D:4: 843 daAuts
     D:9: 56 daAuts
